[Event "Team 45 45 League T38"]
[Site "Internet Chess Club"]
[Date "2008.09.13"]
[Round "8"]
[White "Fezzik"]
[Black "tsia68"]
[Result "1-0"]
[WhiteElo "1974"]
[BlackElo "1871"]
[Opening "King's Indian: 6.Be2"]
[ECO "E91"]
[Time "13:01:19"]
[TimeControl "2700+45"]

1. Nf3 Nf6 2. c4 g6 3. Nc3 Bg7 4. e4 d6 5. d4 O-O 6. Be2 Nc6 7. d5 Nb8 8. O-O a5
9. Bg5 Bg4 10. Ne1 Bxe2 11. Qxe2 Nfd7 12. Nd3 Na6 13. Be3 Nac5 14. Nxc5 Nxc5 15.
f3 c6 16. Rad1 Qc7 17. dxc6 bxc6 18. Qf2 Nd7 19. Na4 Rab8 20. b3 Rfd8 21. f4
Rdc8 22. g4 Rf8 23. Rd3 Rfc8 24. g5 Rf8 25. Rc1 Rfc8 26. h4 Rd8 27. Rcd1 Kf8 28.
h5 Kg8 29. hxg6 hxg6 30. Bd4 Rf8 31. Rh3 Bxd4 32. Qxd4 f6 33. e5 fxe5 34. Qe4
Rf5 35. Qh1 Nf8 36. Rh8+ Kf7 37. Qh6 Qa7+ 38. c5 Qa6 39. cxd6 Qe2 40. Rxf8+ Rxf8
41. Qh7+ Ke6 42. Nc5# {Black checkmated} 1-0

[Event "Team 45 45 League T38"]
[Site "Internet Chess Club"]
[Date "2008.09.11"]
[Round "8"]
[White "primerpaso"]
[Black "kabindra"]
[Result "1-0"]
[WhiteElo "1911"]
[BlackElo "1818"]
[Opening "English: Anglo-Dutch defense"]
[ECO "A10"]
[Time "11:03:23"]
[TimeControl "2700+45"]

1. c4 f5 2. Nc3 Nf6 3. g3 e6 4. Bg2 d5 5. cxd5 exd5 6. d4 c6 7. Nh3 Bd6 8. O-O
Nbd7 9. Bf4 Nb6 10. Qc2 Bxf4 11. Nxf4 Bd7 12. Nd1 Qe7 13. Re1 O-O-O 14. Ne3 g5
15. Nxf5 Qf8 16. Nh3 Ne4 17. Ne3 Kb8 18. Bxe4 Bxh3 19. Bg2 Bxg2 20. Nxg2 h5 21.
h4 gxh4 22. Nxh4 Rg8 23. e3 Qf6 24. Kh2 Rdf8 25. Re2 Nc4 26. Qh7 Nd6 27. Rg1 Ne4
28. Rg2 Rg5 29. f4 Rgg8 30. Qxh5 Rh8 31. Qe5+ Kc8 32. Qxf6 Nxf6 33. Kg1 Ng4 34.
Ng6 Re8 35. Nxh8 Rxh8 36. e4 dxe4 37. Rxe4 Rd8 38. f5 Nf6 39. Rh4 Rd5 40. Rf2
Kc7 41. Rff4 Kb6 42. g4 c5 43. g5 Ne8 {Black resigns} 1-0

[Event "Team 45 45 League T38"]
[Site "Internet Chess Club"]
[Date "2008.09.13"]
[Round "8"]
[White "tryanything"]
[Black "gtm"]
[Result "1/2-1/2"]
[WhiteElo "1708"]
[BlackElo "1725"]
[Opening "Scandinavian: Marshall variation"]
[ECO "B01"]
[Time "17:05:55"]
[TimeControl "2700+45"]

1. e4 d5 2. exd5 Nf6 3. d4 Nxd5 4. c4 Nb6 5. Nc3 g6 6. Nf3 Bg7 7. h3 O-O 8. Be2
Nc6 9. Be3 e5 10. dxe5 Nxe5 11. Nxe5 Bxe5 12. Qc2 Bf5 13. Qb3 Qe7 14. O-O-O Rfd8
15. Bg4 Bd3 16. Nd5 Nxd5 17. cxd5 Ba6 18. f4 Bg7 19. Rhe1 Qd6 20. f5 Re8 21.
fxg6 hxg6 22. Bf3 b6 23. h4 Bb7 24. h5 gxh5 25. Kb1 Qg6+ 26. Ka1 a5 27. a3 a4
28. Qd3 Qxd3 29. Rxd3 Rad8 30. Red1 Ba6 31. Bxb6 Bxd3 32. Bxc7 Rc8 33. d6 Bb5
34. Bxh5 Bd7 35. Rf1 Rf8 36. Re1 Rfe8 37. Rf1 Rf8 38. Re1 Rfe8 39. Rf1 Rf8 {Game
drawn by repetition} 1/2-1/2

[Event "Team 45 45 League T38"]
[Site "Internet Chess Club"]
[Date "2008.09.15"]
[Round "8"]
[White "up-pup"]
[Black "Fidius"]
[Result "1-0"]
[WhiteElo "1827"]
[BlackElo "1975"]
[Opening "Bird's opening"]
[ECO "A02"]
[Time "20:28:14"]
[TimeControl "2700+45"]

1. f4 Nf6 2. Nf3 d5 3. e3 Nc6 4. Bb5 Bd7 5. O-O e6 6. d3 Bd6 7. b3 O-O 8. Bb2 a6
9. Bxc6 Bxc6 10. Ne5 Qe7 11. Nd2 Nd7 12. Ndf3 f6 13. Nxc6 bxc6 14. Qe1 e5 15.
fxe5 Bxe5 16. Nxe5 fxe5 17. Qg3 Qd6 18. a4 g6 19. Rae1 e4 20. Qh4 exd3 21. Qh6
Qe7 22. cxd3 Rxf1+ 23. Rxf1 Rf8 24. Rxf8+ Qxf8 25. Qh4 c5 26. Qe1 Qe7 27. e4 d4
28. Bc1 Ne5 29. Qg3 Nc6 30. Bh6 Nb4 31. Qf3 Qf7 32. Qg4 Qe7 33. Qf3 Qf7 34. Qh3
Qe7 35. Kf1 Kf7 36. Ke2 Qe6 37. Qxe6+ Kxe6 38. Bf8 Nc2 39. Bxc5 Ke5 40. b4 c6
41. g3 Ne3 42. h4 h5 43. Bf8 Nc2 44. Kd2 Ne3 45. Bg7+ Ke6 46. Bxd4 {Black
resigns} 1-0

[Event "Team 45 45 League T38"]
[Site "Internet Chess Club"]
[Date "2008.09.11"]
[Round "8"]
[White "hewdondada"]
[Black "ghostfire"]
[Result "1-0"]
[WhiteElo "1876"]
[BlackElo "1813"]
[Opening "Trompowsky attack (Ruth, Opocenský opening)"]
[ECO "A45"]
[Time "21:00:13"]
[TimeControl "2700+45"]

1. d4 Nf6 2. Bg5 d5 3. Bxf6 exf6 4. c4 Bb4+ 5. Nc3 O-O 6. g3 Bg4 7. Bg2 c6 8.
cxd5 cxd5 9. Qb3 Nc6 10. e3 Be6 11. Ne2 Rb8 12. O-O Bxc3 13. Nxc3 Ne7 14. Rac1
Qd7 15. Qa3 a6 16. Na4 Nc6 17. Nb6 Qd8 18. Qc5 Ne7 19. Rc3 Re8 20. Rfc1 g6 21.
Qc7 Nc6 22. Qxd8 Rexd8 23. Rc5 Nb4 24. Ra1 Rd6 25. Na4 b5 26. Nc3 Nd3 27. Nxd5
Nxc5 28. Nxf6+ Kg7 29. dxc5 Rd2 30. Ne4 Rxb2 31. c6 Bxa2 32. Rc1 Rb1 33. Rxb1
Bxb1 34. c7 Rf8 35. Nd6 Bf5 36. Bb7 b4 37. Bxa6 b3 38. Nxf5+ gxf5 39. c8=Q Rxc8
40. Bxc8 Kf6 41. Ba6 Ke5 42. Bd3 Kd5 43. Kf1 Kc5 44. Ke1 Kb4 45. Kd2 b2 46. Kc2
Ka3 47. Bxf5 h6 48. Kc3 Ka2 49. Kd4 b1=Q 50. Bxb1+ Kxb1 51. h4 Kc2 52. Ke4 Kd2
53. h5 Ke2 54. f3 Kf2 55. Kf4 Ke2 56. g4 Kd3 57. g5 {Black resigns} 1-0

[Event "Team 45 45 League T38"]
[Site "Internet Chess Club"]
[Date "2008.09.13"]
[Round "8"]
[White "Frankly"]
[Black "mugurelt"]
[Result "0-1"]
[WhiteElo "1794"]
[BlackElo "1777"]
[Opening "QGD: 6.Nf3"]
[ECO "D55"]
[Time "15:10:31"]
[TimeControl "2700+45"]

1. d4 d5 2. c4 e6 3. Nc3 Nf6 4. Bg5 Be7 5. e3 O-O 6. Nf3 c5 7. cxd5 exd5 8. Rc1
c4 9. Be2 h6 10. Bh4 a6 11. O-O b5 12. a3 Nc6 13. Ne5 Nxe5 14. dxe5 Ne4 15. Bxe7
Qxe7 16. Nxd5 Qxe5 17. Qd4 Qxd4 18. exd4 Rd8 19. Bf3 Bb7 20. Rfe1 Bxd5 21. Bxe4
Bxe4 22. Rxe4 f5 23. Rh4 Rd6 24. Rf4 Rd5 25. Rd1 Rad8 26. h3 g5 27. Rf3 Kg7 28.
g3 Kf6 29. h4 Rxd4 30. Rxd4 Rxd4 31. hxg5+ hxg5 32. Re3 Rd2 33. b3 Rd3 34. Rxd3
cxd3 35. Kf1 Ke5 36. Ke1 Kd4 37. Kd2 f4 38. gxf4 gxf4 39. f3 a5 40. b4 axb4 41.
axb4 Kc4 42. Kd1 Kxb4 43. Kd2 Kc4 44. Kd1 b4 45. Kd2 b3 46. Kd1 Kc3 47. Kc1 b2+
48. Kb1 d2 49. Ka2 d1=Q {White resigns} 0-1

[Event "Team 45 45 League T38"]
[Site "Internet Chess Club"]
[Date "2008.09.14"]
[Round "8"]
[White "RD1974"]
[Black "Razorbackchess"]
[Result "1/2-1/2"]
[WhiteElo "1586"]
[BlackElo "1769"]
[Opening "Sicilian: closed, Korchnoi variation"]
[ECO "B23"]
[Time "19:01:10"]
[TimeControl "2700+45"]

1. e4 c5 2. Nc3 e6 3. g3 d5 4. exd5 exd5 5. Bg2 Nf6 6. Nf3 d4 7. Nb5 a6 8. Na3
Nc6 9. O-O Be7 10. d3 O-O 11. Nc4 Be6 12. Nce5 Nxe5 13. Nxe5 Bd5 14. Nf3 Bc6 15.
Bg5 h6 16. Bxf6 Bxf6 17. Re1 Qc7 18. Nd2 Bd7 19. Ne4 Be7 20. a4 f5 21. Nd2 Rae8
22. Nf3 g5 23. Ne5 Bd6 24. Nxd7 Qxd7 25. Rxe8 Rxe8 26. a5 Qb5 27. b3 Qd7 28. Qf3
Re7 29. Kf1 f4 30. Qd5+ Kg7 31. Re1 fxg3 32. Rxe7+ Qxe7 33. hxg3 Qc7 34. Qxb7
Qxb7 35. Bxb7 Bc7 36. Bxa6 Bxa5 37. Ke2 Kf6 38. g4 Ke5 39. Kf3 Bd2 40. Bc4 Be1
41. Bf7 Kf6 42. Be8 Ke6 {Game drawn by mutual agreement} 1/2-1/2

[Event "Team 45 45 League T38"]
[Site "Internet Chess Club"]
[Date "2008.09.13"]
[Round "8"]
[White "Fegary"]
[Black "fledermaus"]
[Result "1-0"]
[WhiteElo "2062"]
[BlackElo "2026"]
[Opening "Sicilian: closed"]
[ECO "B23"]
[Time "13:46:45"]
[TimeControl "2700+45"]

1. e4 c5 2. Nc3 d6 3. Nge2 e5 4. Nd5 Nc6 5. Nec3 Nge7 6. Bc4 Nxd5 7. Nxd5 Be7 8.
d3 Be6 9. Be3 O-O 10. a3 Bxd5 11. Bxd5 Bg5 12. Qh5 h6 13. O-O-O Qe7 14. h4 Bf4
15. g4 Kh7 16. g5 Nd4 17. Bxf4 exf4 18. Rdg1 Ne6 19. gxh6 gxh6 20. Qf5+ Kh8 21.
e5 Ng7 22. Rxg7 Kxg7 23. Rg1+ Kh8 24. Be4 f6 25. Qh5 Qg7 26. Rxg7 Kxg7 27. Qg6+
{Black resigns} 1-0

[Event "Team 45 45 League T38"]
[Site "Internet Chess Club"]
[Date "2008.09.14"]
[Round "8"]
[White "mfeatherston"]
[Black "upsan"]
[Result "0-1"]
[WhiteElo "1794"]
[BlackElo "1866"]
[Opening "French: Rubinstein variation"]
[ECO "C10"]
[Time "15:30:14"]
[TimeControl "2700+45"]

1. e4 e6 2. d4 d5 3. Nc3 dxe4 4. Nxe4 Nd7 5. Nf3 Ngf6 6. Bd3 Be7 7. Nxf6+ Nxf6
8. Qe2 O-O 9. Bg5 Bd7 10. O-O Rb8 11. a4 Nd5 12. Bxe7 Nxe7 13. c4 a5 14. Rfe1
Ng6 15. Bc2 Qf6 16. Bxg6 hxg6 17. Ne5 Rfd8 18. c5 Be8 19. Qd2 b6 20. c6 Rd5 21.
Rad1 Rbd8 22. Re4 Qe7 23. Qc3 Qd6 24. h4 f6 25. Nf3 Bxc6 26. Rde1 Re8 27. Rg4
Bxa4 28. Rxg6 Re7 29. Rg3 Be8 30. Re4 a4 31. Qe3 Rb5 32. Qh6 Qxg3 33. Qd2 Qd6
34. Qc3 Qb4 35. Qe3 Qb3 36. Qf4 Qxb2 37. g4 a3 38. g5 f5 39. Re1 a2 40. h5 Qc3
41. h6 a1=Q 42. Rxa1 Qxa1+ 43. Kg2 Qa8 44. Kh3 Qe4 {White resigns} 0-1

[Event "Team 45 45 League T38"]
[Site "Internet Chess Club"]
[Date "2008.09.11"]
[Round "8"]
[White "qs16"]
[Black "cgrau"]
[Result "0-1"]
[WhiteElo "1747"]
[BlackElo "1794"]
[Opening "Dutch with c4 & Nc3"]
[ECO "A87"]
[Time "12:01:01"]
[TimeControl "2700+45"]

1. d4 f5 2. c4 Nf6 3. Nc3 d6 4. Nf3 g6 5. g3 Bg7 6. Bg2 O-O 7. O-O Qe8 8. d5 a5
9. Rb1 Na6 10. Nd4 Bd7 11. Bg5 h6 12. Bxf6 Bxf6 13. Ne6 Bxe6 14. dxe6 c6 15. e4
Nc5 16. exf5 gxf5 17. Re1 Bxc3 18. bxc3 Rf6 19. Qc2 Qg6 20. Bh3 Raf8 21. Re2
Rxe6 22. Rbe1 Rxe2 23. Rxe2 e5 24. Re3 Kh7 25. f4 e4 26. Bf1 Ne6 27. Kh1 Rg8 28.
Bg2 Nc5 29. h3 h5 30. Qb1 Rg7 31. Qb6 Nd3 32. Qd4 Nxf4 33. Bf1 Ne6 34. Qxd6 f4
35. Rxe4 Qxg3 36. Qd4 Nxd4 {White resigns} 0-1

[Event "Team 45 45 League T38"]
[Site "Internet Chess Club"]
[Date "2008.09.13"]
[Round "8"]
[White "bmw2002"]
[Black "oldsj"]
[Result "1-0"]
[WhiteElo "1592"]
[BlackElo "1564"]
[Opening "English, 1...Nf6 (Anglo-Indian defense)"]
[ECO "A15"]
[Time "09:15:41"]
[TimeControl "2700+45"]

1. c4 Nf6 2. g3 g6 3. Bg2 Bg7 4. Nc3 O-O 5. d3 d6 6. Bg5 h6 7. Bd2 Nc6 8. e4 e5
9. Nge2 Bg4 10. h3 Bxe2 11. Nxe2 Nd4 12. Nxd4 exd4 13. O-O Nd7 14. f4 f5 15.
exf5 Rxf5 16. Bxb7 Rb8 17. Bd5+ Kh7 18. Be4 Rf6 19. b4 a6 20. a4 Rf8 21. Qg4 Rf6
22. h4 Nf8 23. f5 Qe8 24. fxg6+ Kh8 25. Rxf6 Bxf6 26. Bxh6 Nxg6 27. Bxg6 {Black
resigns} 1-0

[Event "Team 45 45 League T38"]
[Site "Internet Chess Club"]
[Date "2008.09.13"]
[Round "8"]
[White "ARMAND01968"]
[Black "fishhead"]
[Result "1-0"]
[WhiteElo "1853"]
[BlackElo "1832"]
[Opening "Alekhine's defense: exchange variation"]
[ECO "B03"]
[Time "14:58:26"]
[TimeControl "2700+45"]

1. e4 Nf6 2. e5 Nd5 3. d4 d6 4. c4 Nb6 5. exd6 cxd6 6. Nc3 g6 7. Be3 Bg7 8. Rc1
O-O 9. b3 Nc6 10. d5 Ne5 11. Be2 f5 12. Nh3 e6 13. O-O h6 14. Nf4 exd5 15. Ncxd5
Nxd5 16. Qxd5+ Kh7 17. Rfe1 Qe7 18. c5 Rd8 19. Rcd1 Bf8 20. Bc4 Qg7 21. Bd4 dxc5
22. Qxd8 cxd4 23. Rxe5 g5 24. Nh5 Qxe5 25. Qxf8 Be6 26. Qe7+ Kg6 27. Bxe6 {Black
resigns} 1-0

[Event "Team 45 45 League T38"]
[Site "Internet Chess Club"]
[Date "2008.09.15"]
[Round "8"]
[White "HoHo"]
[Black "frank001"]
[Result "0-1"]
[WhiteElo "1863"]
[BlackElo "1856"]
[Opening "Sicilian: Pelikan, Chelyabinsk variation"]
[ECO "B33"]
[Time "21:02:57"]
[TimeControl "2700+45"]

1. e4 c5 2. Nf3 Nc6 3. d4 cxd4 4. Nxd4 Nf6 5. Nc3 e5 6. Ndb5 d6 7. Bg5 a6 8. Na3
b5 9. Nd5 Be7 10. Bxf6 Bxf6 11. Qd2 O-O 12. Nxf6+ Qxf6 13. Be2 Nd4 14. c3 Nc6
15. Nc2 Rd8 16. Ne3 Ne7 17. O-O Bb7 18. Nd5 Nxd5 19. exd5 Rac8 20. Bf3 Qg6 21.
Rfe1 f5 22. b3 Rc5 23. b4 Rc7 24. Rad1 Rdc8 25. Rc1 e4 26. Be2 Qf6 27. a4 bxa4
28. c4 f4 29. Bg4 Re8 30. Be6+ Rxe6 31. dxe6 Qxe6 32. Qxf4 h6 33. c5 Rf7 34.
Qxd6 Qf5 35. Qg3 Bc6 36. Rcd1 a3 37. Ra1 Rf6 38. Red1 Rg6 39. Rd8+ Kh7 40. Qb8
Rxg2+ 41. Kh1 Rxf2 42. Rh8+ Kg6 43. Rg1+ Kh5 44. Re1 Qf3+ {White resigns} 0-1

[Event "Team 45 45 League T38"]
[Site "Internet Chess Club"]
[Date "2008.09.14"]
[Round "8"]
[White "andrew28"]
[Black "CREDITorDEBIT"]
[Result "1/2-1/2"]
[WhiteElo "1788"]
[BlackElo "1676"]
[Opening "Sicilian: dragon variation"]
[ECO "B70"]
[Time "16:08:23"]
[TimeControl "2700+45"]

1. e4 c5 2. Nf3 d6 3. d4 cxd4 4. Nxd4 Nf6 5. Nc3 g6 6. Bc4 Bg7 7. Be3 Nc6 8. f3
Bd7 9. Qd2 Rc8 10. Bb3 Ne5 11. g4 Qa5 12. O-O-O Nc4 13. Bxc4 Rxc4 14. h4 b5 15.
e5 dxe5 16. Nb3 Qc7 17. g5 b4 18. gxf6 bxc3 19. Qxd7+ Qxd7 20. Rxd7 cxb2+ 21.
Kb1 Kxd7 22. fxg7 Rg8 23. Bh6 f6 24. Kxb2 Ke6 25. Nd2 Rb8+ 26. Kc1 Ra4 27. Ne4
Rxa2 28. Kd2 Rd8+ 29. Kc3 Rc8+ 30. Kb3 Raxc2 31. g8=Q+ Rxg8 32. Kxc2 Rc8+ 33.
Kd3 Rb8 34. Ra1 Rb3+ 35. Nc3 Rb4 36. Ra4 Rxa4 37. Nxa4 Kf5 38. Ke3 g5 39. hxg5
fxg5 40. Nc5 a5 41. Na4 Kg6 42. Bf8 Kf7 43. Bh6 Kg6 {Game drawn by mutual
agreement} 1/2-1/2

[Event "Team 45 45 League T38"]
[Site "Internet Chess Club"]
[Date "2008.09.13"]
[Round "8"]
[White "Campagnolo"]
[Black "NFork"]
[Result "1/2-1/2"]
[WhiteElo "2071"]
[BlackElo "2226"]
[Opening "Caro-Kann: Panov-Botvinnik attack"]
[ECO "B13"]
[Time "16:00:32"]
[TimeControl "2700+45"]

1. e4 d5 2. exd5 Nf6 3. c4 c6 4. d4 cxd5 5. Nc3 Nc6 6. Nf3 e6 7. cxd5 Nxd5 8.
Bd3 Be7 9. a3 Bf6 10. O-O Bxd4 11. Nxd4 Nxd4 12. Qa4+ Nc6 13. Nxd5 exd5 14. Bb5
O-O 15. Bxc6 bxc6 16. Qxc6 Bg4 17. h3 Bh5 18. Bd2 Rc8 19. Qa4 Qb6 20. Bc3 Rc4
21. Qa5 Qxa5 22. Bxa5 Rfc8 23. Bd2 Rb8 24. Rfe1 h6 25. b4 d4 26. Rac1 Rcc8 27.
Rxc8+ Rxc8 28. Rc1 Re8 29. Re1 Be2 30. f3 d3 31. Kf2 Re6 32. Rc1 Ra6 33. Ra1 Kf8
34. a4 Ke7 35. b5 Re6 36. Be3 Kd7 37. Rc1 Rd6 38. Bd2 f5 39. Rb1 g5 40. a5 Kc7
{Game drawn by mutual agreement} 1/2-1/2

[Event "Team 45 45 League T38"]
[Site "Internet Chess Club"]
[Date "2008.09.13"]
[Round "8"]
[White "nissehult"]
[Black "nosalt"]
[Result "1/2-1/2"]
[WhiteElo "2018"]
[BlackElo "1990"]
[Opening "Bogo-Indian defense, Nimzovich variation"]
[ECO "E11"]
[Time "09:00:08"]
[TimeControl "2700+45"]

1. d4 Nf6 2. c4 e6 3. Nf3 Bb4+ 4. Bd2 Qe7 5. a3 Bxd2+ 6. Qxd2 b6 7. Qg5 O-O 8.
e4 Nc6 9. Bd3 h6 10. Qf4 d6 11. e5 dxe5 12. dxe5 Qd7 13. Bc2 Nh5 14. Qg4 g6 15.
Nc3 Bb7 16. Rd1 Qe7 17. Bxg6 fxg6 18. Qxg6+ Ng7 19. Ne4 Rxf3 20. Nf6+ Kf8 21.
gxf3 Nxe5 22. Qxh6 Nf7 23. Nh7+ Kg8 24. Nf6+ Kf8 25. Nh7+ Kg8 {Game drawn by
mutual agreement} 1/2-1/2

[Event "Team 45 45 League T38"]
[Site "Internet Chess Club"]
[Date "2008.09.15"]
[Round "8"]
[White "Holm"]
[Black "primerpaso"]
[Result "0-1"]
[WhiteElo "1911"]
[BlackElo "1928"]
[Opening "Sicilian: Najdorf, Byrne (English) attack"]
[ECO "B90"]
[Time "16:02:49"]
[TimeControl "2700+45"]

1. e4 c5 2. Nf3 d6 3. d4 cxd4 4. Nxd4 Nf6 5. Nc3 a6 6. Be3 e5 7. Nf3 Qc7 8. Be2
Be6 9. Ng5 Bc4 10. Bb6 Qc6 11. Bxc4 Qxc4 12. Nd5 Nxd5 13. Qxd5 Qxd5 14. exd5 Nd7
15. Be3 Be7 16. Nf3 f5 17. c4 Bf6 18. Rb1 O-O 19. h4 f4 20. Bd2 e4 21. Ng5 Bxg5
22. hxg5 Ne5 23. b3 b5 24. Bc3 Nd3+ 25. Ke2 Rf5 26. Rh5 f3+ 27. Ke3 fxg2 28.
Kxe4 g6 29. Rh2 Nxf2+ 30. Kd4 Re8 31. Bd2 Re4+ 32. Kc3 Re2 33. Bc1 g1=Q {White
resigns} 0-1

[Event "Team 45 45 League T38"]
[Site "Internet Chess Club"]
[Date "2008.09.11"]
[Round "8"]
[White "Avedldesierto"]
[Black "dnmuscg"]
[Result "0-1"]
[WhiteElo "1763"]
[BlackElo "1961"]
[Opening "Ruy Lopez: 5.O-O"]
[ECO "C78"]
[Time "19:47:50"]
[TimeControl "2700+45"]

1. e4 e5 2. Nf3 Nc6 3. Bb5 a6 4. Ba4 Nf6 5. O-O b5 6. Bb3 Be7 7. d3 O-O 8. Be3
d5 9. exd5 Nxd5 10. Bxd5 Qxd5 11. Nc3 Qe6 12. Ng5 Qg6 13. Nge4 f5 14. Nc5 f4 15.
Qf3 fxe3 16. Qxe3 Nd4 17. Qe4 Bf5 18. Qd5+ Kh8 19. Kh1 Bd6 20. Rac1 c6 {White
resigns} 0-1

[Event "Team 45 45 League T38"]
[Site "Internet Chess Club"]
[Date "2008.09.14"]
[Round "8"]
[White "frontier"]
[Black "therealwizard"]
[Result "0-1"]
[WhiteElo "2155"]
[BlackElo "2186"]
[Opening "QGD Slav: 4.e3 Bf5"]
[ECO "D12"]
[Time "21:00:59"]
[TimeControl "2700+45"]

1. c4 c6 2. Nf3 d5 3. e3 Nf6 4. d4 Bf5 5. Nc3 e6 6. Bd3 Bxd3 7. Qxd3 Nbd7 8. O-O
Be7 9. b3 O-O 10. Bb2 Qc7 11. Rac1 Rad8 12. e4 Nc5 13. dxc5 dxe4 14. Qe2 exf3
15. Qxf3 Bxc5 16. Ne2 e5 17. Qg3 Ne4 18. Qh4 f5 19. Nc3 Rd2 20. Nd1 Nxf2 21.
Rxf2 Rfd8 22. Qh5 g6 {White resigns} 0-1

[Event "Team 45 45 League T38"]
[Site "Internet Chess Club"]
[Date "2008.09.10"]
[Round "8"]
[White "decox"]
[Black "chsrules88"]
[Result "0-1"]
[WhiteElo "2018"]
[BlackElo "2049"]
[Opening "Ruy Lopez: closed, Pilnik variation"]
[ECO "C88"]
[Time "18:46:32"]
[TimeControl "2700+45"]

1. e4 e5 2. Nf3 Nc6 3. Bb5 a6 4. Ba4 Nf6 5. O-O Be7 6. Re1 b5 7. Bb3 O-O 8. d3
d6 9. c3 Na5 10. Bc2 c5 11. Nbd2 g6 12. Nf1 Nh5 13. Bh6 Re8 14. Ne3 Bf8 15. Bxf8
Rxf8 16. b4 cxb4 17. cxb4 Nc6 18. Qd2 Nf4 19. d4 Qb6 20. Rad1 Bb7 21. Ng4 Nxd4
22. Nf6+ Kg7 23. Nd7 Nxf3+ 24. gxf3 Qd8 25. Nxe5 dxe5 26. Kh1 Qxd2 27. Rxd2 Rfd8
28. Red1 Rxd2 29. Rxd2 Rc8 30. h3 Rc3 31. Kh2 Rxf3 32. Rd7 Rxf2+ {White resigns}
0-1

[Event "Team 45 45 League T38"]
[Site "Internet Chess Club"]
[Date "2008.09.14"]
[Round "8"]
[White "Atwode"]
[Black "MrShaw"]
[Result "0-1"]
[WhiteElo "1938"]
[BlackElo "1938"]
[Opening "Réti: King's Indian attack"]
[ECO "A05"]
[Time "10:06:42"]
[TimeControl "2700+45"]

1. Nf3 Nf6 2. g3 g6 3. Bg2 Bg7 4. O-O O-O 5. c4 d6 6. Nc3 e5 7. d3 Nc6 8. Rb1
Bg4 9. h3 Bf5 10. b4 Qd7 11. Kh2 Ne7 12. b5 Rae8 13. Bg5 e4 14. dxe4 Nxe4 15.
Nxe4 Bxe4 16. Rb3 Qf5 17. Bxe7 Rxe7 18. Ra3 Qc5 19. Qa4 b6 20. Rd1 Bc2 {White
resigns} 0-1

[Event "Team 45 45 League T38"]
[Site "Internet Chess Club"]
[Date "2008.09.15"]
[Round "8"]
[White "dalfonso"]
[Black "PaulKaspar"]
[Result "1-0"]
[WhiteElo "1858"]
[BlackElo "1849"]
[Opening "Caro-Kann: exchange variation"]
[ECO "B13"]
[Time "18:05:58"]
[TimeControl "2700+45"]

1. e4 c6 2. d4 d5 3. exd5 cxd5 4. Bd3 Nf6 5. c3 e6 6. Bf4 Nc6 7. Nf3 Bd6 8. Bxd6
Qxd6 9. Qe2 O-O 10. O-O Bd7 11. Nbd2 Nh5 12. g3 Rab8 13. Ne5 Nf6 14. f4 b5 15.
g4 b4 16. g5 Ne8 17. Qh5 g6 18. Qh6 bxc3 19. bxc3 Nxe5 20. fxe5 Qa3 21. Rf3 f5
22. gxf6 Qxc3 23. Raf1 Qxd4+ 24. Kh1 Qxe5 25. f7+ Rxf7 26. Rxf7 {Black resigns}
1-0

[Event "Team 45 45 League T38"]
[Site "Internet Chess Club"]
[Date "2008.09.13"]
[Round "8"]
[White "PandorasBox"]
[Black "RedAttack"]
[Result "1-0"]
[WhiteElo "2175"]
[BlackElo "1992"]
[Opening "Blackmar-Diemer gambit"]
[ECO "D00"]
[Time "17:01:45"]
[TimeControl "2700+45"]

1. d4 Nf6 2. Nc3 d5 3. e4 dxe4 4. f3 exf3 5. Qxf3 Qxd4 6. Be3 Qg4 7. Qf2 e5 8.
a3 a6 9. Nf3 Bd6 10. O-O-O Nc6 11. h3 Qe6 12. g4 Bd7 13. Ng5 Qe7 14. Bc4 Be6 15.
Nxe6 fxe6 16. g5 Nd7 17. Ne4 O-O-O 18. c3 Rhf8 19. Qg1 Na5 20. Ba2 Bxa3 21. bxa3
Qxa3+ 22. Kb1 Qa4 23. Qg4 Rf5 24. Nd6+ {Black resigns} 1-0

[Event "Team 45 45 League T38"]
[Site "Internet Chess Club"]
[Date "2008.09.12"]
[Round "8"]
[White "cesaralexander"]
[Black "fledermaus"]
[Result "1/2-1/2"]
[WhiteElo "1908"]
[BlackElo "2042"]
[Opening "QGD: Orthodox defense, Bd3 line"]
[ECO "D67"]
[Time "16:40:24"]
[TimeControl "2700+45"]

1. d4 d5 2. c4 e6 3. Nc3 Nf6 4. Bg5 Be7 5. Nf3 Nbd7 6. e3 O-O 7. Rc1 c6 8. Bd3
dxc4 9. Bxc4 Nd5 10. Bxe7 Qxe7 11. e4 Nxc3 12. Rxc3 e5 13. O-O exd4 14. Qxd4 Nb6
15. Bb3 Be6 16. Re1 Rad8 17. Qe5 Rfe8 18. Bxe6 Qxe6 19. Qxe6 Rxe6 20. b3 h6 21.
Kf1 g5 22. h3 Kg7 23. Rce3 Kg6 24. g3 {Game drawn by mutual agreement} 1/2-1/2

[Event "Team 45 45 League T38"]
[Site "Internet Chess Club"]
[Date "2008.09.13"]
[Round "8"]
[White "Intelectual"]
[Black "Mr-Inretrospect"]
[Result "0-1"]
[WhiteElo "1896"]
[BlackElo "1887"]
[Opening "Réti opening"]
[ECO "A04"]
[Time "10:13:07"]
[TimeControl "2700+45"]

1. Nf3 c5 2. b3 Nc6 3. Bb2 d6 4. e3 Nf6 5. Be2 Bf5 6. O-O e6 7. d4 cxd4 8. exd4
Be7 9. c4 d5 10. c5 O-O 11. a3 a5 12. Nc3 b6 13. Bb5 Na7 14. c6 Bg4 15. h3 Bxf3
16. Qxf3 Qd6 17. Bd3 Qxc6 18. Rac1 Qd7 19. Ne2 Nb5 20. a4 Nd6 21. Qg3 Rfc8 22.
f4 Nfe4 23. Qe3 Nf5 24. Qf3 Nd2 25. Qg4 Nxf1 26. Rxf1 Ne3 27. Qf3 Nxf1 28. Kxf1
f5 29. g4 Rc7 30. gxf5 exf5 31. Nc3 Rd8 32. Bb5 Qe6 33. Bd3 Bb4 34. Nd1 Qe1+ 35.
Kg2 Rf7 36. Qe2 Re8 37. Qxe1 Rxe1 38. Nf2 g6 39. Kf3 Rfe7 40. h4 R7e3+ 41. Kg2
R1e2 {White resigns} 0-1

[Event "Team 45 45 League T38"]
[Site "Internet Chess Club"]
[Date "2008.09.15"]
[Round "8"]
[White "Nureins"]
[Black "alin"]
[Result "0-1"]
[WhiteElo "1895"]
[BlackElo "2074"]
[Opening "QGD: Cambridge Springs defense, Bogolyubov variation"]
[ECO "D52"]
[Time "15:13:04"]
[TimeControl "2700+45"]

1. d4 Nf6 2. Nf3 d5 3. c4 c6 4. Bg5 e6 5. e3 Nbd7 6. Nc3 Qa5 7. Nd2 Bb4 8. Qc2
O-O 9. Be2 e5 10. Bxf6 Nxf6 11. dxe5 Ne4 12. Ncxe4 dxe4 13. a3 Be6 14. Rd1 Bxd2+
15. Qxd2 Qxe5 16. Qd4 Qa5+ 17. Qd2 Qg5 18. Kf1 Rad8 19. Qc2 f5 20. h4 Qf6 21. g3
Rxd1+ 22. Bxd1 Rd8 23. Kg2 c5 24. Be2 Qf7 25. Qc3 b6 26. b3 Rd6 27. Rd1 Qd7 28.
Rxd6 Qxd6 29. Kf1 h6 30. Ke1 Kf7 31. Qd2 Qe5 32. Qd8 Qc3+ 33. Kf1 Qxb3 34. Qc7+
Kg8 35. Qe5 Bxc4 36. Qe8+ Kh7 37. Bxc4 Qxc4+ 38. Kg2 Qd5 39. h5 c4 40. Qg6+ Kh8
41. Qe8+ Qg8 42. Qg6 Qc8 43. g4 fxg4 44. Qxe4 c3 45. Qc2 b5 46. f4 gxf3+ 47.
Kxf3 a5 48. e4 b4 49. Ke3 b3 50. Qc1 b2 51. Qc2 Qb8 {White resigns} 0-1

[Event "Team 45 45 League T38"]
[Site "Internet Chess Club"]
[Date "2008.09.13"]
[Round "8"]
[White "Terte"]
[Black "lluisdp"]
[Result "1-0"]
[WhiteElo "2051"]
[BlackElo "1913"]
[Opening "Robatsch (modern) defense"]
[ECO "B06"]
[Time "14:16:34"]
[TimeControl "2700+45"]

1. e4 g6 2. d4 Bg7 3. Nf3 c5 4. dxc5 Qa5+ 5. c3 Qxc5 6. Be3 Qc7 7. Nbd2 d6 8.
Bd3 Nf6 9. h3 O-O 10. O-O Nbd7 11. Rc1 a6 12. a4 b6 13. Re1 Bb7 14. Bd4 Nc5 15.
Bc2 e5 16. Bxc5 dxc5 17. Nc4 Rad8 18. Qe2 Nh5 19. g3 Rd7 20. Rcd1 Rfd8 21. Rxd7
Rxd7 22. Rd1 Rxd1+ 23. Qxd1 b5 24. Nd6 Bc6 25. axb5 axb5 26. Ng5 f6 27. Ne6 Qa7
28. Bb3 c4 29. Nxc4 bxc4 30. Bxc4 Qf7 31. Qd8+ Bf8 32. b3 Qe7 33. Nxf8+ Kg7 34.
Qxe7+ {Black resigns} 1-0